 Dungeon Crawl Stone Soup version 0.20-a0-830-g2c9a30d (webtiles) character file.

86 uglyjohn the Insei (level 4, 0/35 HPs)
             Began as a Demonspawn Monk on Mar 6, 2017.
             Was a Believer of Wu Jian.
             Slain by a scorpion (7 damage)
             ... on level 3 of the Dungeon.
             The game lasted 00:05:31 (2360 turns).

uglyjohn the Insei (Demonspawn Monk)                Turns: 2360, Time: 00:05:32

Health: 0/35       AC:  8    Str: 12    XL:     4   Next: 26%
Magic:  4/4        EV: 11    Int: 11    God:    Wu Jian [**....]
Gold:   115        SH:  0    Dex: 16    Spells: 3/3 levels left

rFire    . . .     SeeInvis .     - Unarmed
rCold    . . .     Gourm    .   y - +0 ring mail
rNeg     . . .     Faith    .   (no shield)
rPois    .         Spirit   .   (helmet restricted)
rElec    .         Reflect  .   o - +0 cloak
rCorr    .         Harm     .   (no gloves)
MR       .....                  (no boots)
Stlth    +.........             c - amulet of rage
Regen    0.2/turn               (no ring)
MPRegen  0.1/turn               (no ring)

@: lethally poisoned (0 -> -17)
A: horns 1, icy blue scales 1
a: Renounce Religion, Evoke Berserk Rage


You were on level 3 of the Dungeon.
You worshipped Wu Jian.
Wu Jian was pleased with you.
You were not hungry.

You visited 1 branch of the dungeon, and saw 3 of its levels.

You collected 115 gold pieces.

Inventory:

Missiles
 j - 26 bolts
Armour
 o - a +0 cloak (worn)
 y - a +0 ring mail (worn)
Jewellery
 c - an amulet of rage (around neck)
Scrolls
 e - a scroll of teleportation
 n - 2 scrolls of enchant weapon {unknown}
 q - a scroll of random uselessness {unknown}
 r - a scroll of remove curse {unknown}
 t - a scroll of magic mapping {unknown}
Potions
 d - a potion of lignification {unknown}
 f - 4 potions of heal wounds
 h - 2 potions of curing
 l - 4 potions of ambrosia
 m - a potion of agility {unknown}
 u - a potion of brilliance {unknown}
 w - a potion of degeneration {unknown}
Comestibles
 b - 2 bread rations
 g - 4 fruits
 i - a meat ration
 k - a royal jelly
 x - 3 chunks of flesh


   Skills:
 - Level 3.0 Fighting
 + Level 2.5 Armour
 - Level 2.6 Dodging
 - Level 1.7 Stealth
 + Level 3.6 Unarmed Combat


You had 3 spell levels left.
You didn't know any spells.

Dungeon Overview and Level Annotations

Branches:
Dungeon (3/15)

Altars:
Makhleb
Okawaru
Uskayaw
Wu Jian


Innate Abilities, Weirdness & Mutations

You have a pair of small horns on your head.
You are partially covered in icy blue scales. (AC +2)


Message History

The scorpion stings you but does no damage.
You spin and attack the scorpion.
You completely miss the scorpion.
The scorpion is moderately wounded.
You feel sick. The scorpion completely misses you.
You spin and attack the scorpion.
You barely miss the scorpion. Your headbutt misses the scorpion.
The scorpion is moderately wounded.
You feel sick. The scorpion stings you.
You spin and attack the scorpion.
You hit the scorpion but do no damage.
You headbutt the scorpion, but do no damage.
The scorpion is moderately wounded.
You feel sick. The scorpion stings you!
* * * LOW HITPOINT WARNING * * *
You are lethally poisoned!
The scorpion poisons you!
You spin and attack the scorpion.
You hit the scorpion.
The scorpion is heavily wounded.
* * * LOW HITPOINT WARNING * * *
You feel sick. The scorpion stings you!
You die...

##########
#......?.######
##.#####.###..@s.....#
.........# #.#######.#
#........# #.#
.#.#...#.# #.# ##.##.#
#.# . ..##.##.###.# .
#.##.#...##.# .
#.##...#..<.#######.#
.
..####...##.........#


You could see a scorpion.

Vanquished Creatures
  3 adders
  A gnoll (D:1)
  An ooze (D:3)
  A worm (D:2)
  A dart slug (D:2)
  3 leopard geckos (D:3)
  2 giant cockroaches (D:2)
  6 hobgoblins
  A quokka (D:2)
  6 bats
  A frilled lizard (D:1)
  3 goblins
  7 kobolds
  5 rats
41 creatures vanquished.

Notes
Turn   | Place    | Note
-------+----------+-------------------------------------------
     0 | D:1      | uglyjohn the Demonspawn Monk began the quest for the Orb.
     0 | D:1      | Reached XP level 1. HP: 18/18 MP: 1/1
   544 | D:1      | Reached skill level 1 in Armour
   771 | D:1      | Gained mutation: You have a pair of small horns on your head. [demonic ancestry]
   771 | D:1      | Reached XP level 2. HP: 24/24 MP: 2/2
  1115 | D:2      | Found an iron altar of Okawaru.
  1292 | D:2      | Gained mutation: You are partially covered in icy blue scales. (AC +2) [demonic ancestry]
  1292 | D:2      | Reached XP level 3. HP: 25/29 MP: 3/3
  1502 | D:2      | Found an ornate altar of the Wu Jian Council.
  1522 | D:2      | Became a worshipper of the Wu Jian Council
  1522 | D:2      | Reached * piety under Wu Jian
  1522 | D:2      | Reached ** piety under Wu Jian
  1881 | D:3      | Found a burning altar of Makhleb.
  1896 | D:3      | Reached XP level 4. HP: 21/35 MP: 4/4
  2187 | D:3      | Found a hide-covered altar of Uskayaw.
  2360 | D:3      | Slain by a scorpion

Vault maps used:
D:1:      sevenhm_arrival_forest_fort_small_3
D:2:      old_standard_altar, nicolae_overflow_crystal_walls, first_bread
D:3:      nicolae_overflow_hidden_temple, lemuel_doored_altar, uniq_iyjb

Skill      XL: |  1  2  3 |
---------------+----------+-----
Armour         | 1 2 |  2.5
Unarmed Combat | 3 |  3.6
Fighting       | |  3.0
Dodging        | |  2.6
Stealth        | |  1.7

Action                   |  1- 3 |  4- 6 || total
-------------------------+-------+-------++-------
Melee: Unarmed           |    64 |    30 ||    94
       Dagger            |    13 |       ||    13
       Mace              |    50 |       ||    50
       Headbutt          |     7 |     8 ||    15
       Punch             |     2 |       ||     2
  Use: Scroll            |     3 |     2 ||     5
 Stab: Sleeping          |     5 |       ||     5
  Eat: Chunk             |     3 |     2 ||     5
Armor: Robe              |    27 |       ||    27
       Leather armour    |     3 |     6 ||     9
       Ring mail         |       |     2 ||     2
Dodge: Dodged            |    88 |    14 ||   102
